 Dungeon Sprint DCSS version 0.30.1-9-gdf580d7c3d (webtiles) character file.

Game seed: 8939943278001474924

556 Heoruswealwe the Spear-Bearer (level 7, -1/71 HPs)
             Began as a Minotaur Fighter on Oct 5, 2023.
             Slain by a killer bee (2 damage)
             ... in the Dungeon (Sprint IX: "|||||||||||||||||||||||||||||").
             The game lasted 00:00:50 (126 turns).

Heoruswealwe the Spear-Bearer (Minotaur Fighter)     Turns: 126, Time: 00:00:50

Health: -1/71      AC:  8    Str: 22    XL:     7   Next: 8%
Magic:  6/6        EV:  9    Int:  5    God:
Gold:   0          SH:  4    Dex: 10    Spells: 6/6 levels left

rFire   . . .        a - +0 trident
rCold   . . .        d - +0 buckler
rNeg    . . .        c - +0 scale mail
rPois   .            (helmet restricted)
rElec   .            (no cloak)
rCorr   .            (no gloves)
SInv    .            (no boots)
Will    .....        (no amulet) Stlth
                     (no ring)
HPRegen 0.31/turn    (no ring)
MPRegen 0.10/turn

%: no teleportation
@: lethally poisoned (-1 -> -15), slowed, very slow
A: horns 2, retaliatory headbutt
a: no special abilities


You were in the Dungeon.
You visited 1 branch

Inventory:

Hand Weapons
 a - a +0 trident (weapon)
Armour
 c - a +0 scale mail (worn)
 d - a +0 buckler (worn)
Jewellery
 m - a +2 ring of evasion
 n - a +3 ring of strength
Wands
 l - a wand of roots (10)
Scrolls
 j - 2 scrolls of blinking
 k - 2 scrolls of amnesia
Potions
 b - a potion of might
 e - 5 potions of curing
 f - 3 potions of heal wounds
 g - a potion of haste
 h - a potion of invisibility
 i - a potion of berserk rage


   Skills:
 + Level 9.9 Fighting
 * Level 13.0 Polearms
 + Level 9.9 Armour
 - Level 3.6 Shields


You had 6 spell levels left.
You didn't know any spells.
Your spell library was empty.

Dungeon Overview and Level Annotations

Branches:
Dungeon (1/1)

Altars:
Cheibriados
Dithmenos
Elyvilon
Fedhas
Gozag
Hepliaklqana
Kikubaaqudgha
Makhleb
Nemelex Xobeh
Okawaru
Qazlal
Ru
Sif Muna
Trog
Uskayaw
Vehumet
Wu Jian
Xom
Yredelemnul
Zin
The Shining One
Jiyva
Lugonu


Innate Abilities, Weirdness & Mutations

You have a pair of horns on your head.
You reflexively headbutt those who attack you in melee.


Message History

Your Polearms skill increases to level 12!
Your Armour skill increases to level 9!
The centaur unwields a +0 shortbow.
The centaur barely misses you.
The centaur kicks you but does no damage.
The centaur hits you.
* * * LOW HITPOINT WARNING * * *
The centaur misses you.
There is an open door to the Dungeon here.
You puncture the centaur! You headbutt the centaur.
The centaur is severely wounded.
The centaur hits you but does no damage.
The centaur closely misses you.
The centaur hits you but does no damage.
The centaur kicks you but does no damage.
You hit the centaur.
You kill the centaur!
The killer bee stings you.
* * * LOW HITPOINT WARNING * * *
Your Polearms skill increases to level 13!
You have reached level 7!
You barely miss the killer bee. You block the killer bee's attack.
The killer bee stings you!
* * * LOW HITPOINT WARNING * * *
You are poisoned.
The killer bee poisons you!
You hit the killer bee. Your headbutt misses the killer bee.
The killer bee is lightly wounded.
* * * LOW HITPOINT WARNING * * *
You feel very sick. The killer bee completely misses you.
You furiously retaliate!
You headbutt the killer bee. The killer bee stings you.
* * * LOW HITPOINT WARNING * * *
You are more poisoned.
The killer bee poisons you!
You puncture the killer bee!
The killer bee is almost dead.
* * * LOW HITPOINT WARNING * * *
You feel very sick. You block the killer bee's attack.
The killer bee stings you.
You die... ▓▓▓▓▓▓▓▓▓▓▓▓▓▓▓▓▓▓▓▓▓▓▓▓ +...coy@..[[[.).!'______ ▓▓▓▓▓▓▓▓▓▓▓▓▓▓▓▓▓▓▓▓▓▓▓▓

You could see an orc warrior, a centaur and a killer bee.

Vanquished Creatures
  A yak (D)
  A wraith (D)
  An ice beast (D)
  A centaur (D)
  A scorpion (D)
  A hound (D)
  A dart slug (D)
  An orc (D)
  2 hobgoblins (D)
  A quokka (D)
  A ball python (D)
  A rat (D)
13 creatures vanquished.

Notes
Turn   | Place    | Note
-------+----------+-------------------------------------------
     0 | D        | Heoruswealwe the Minotaur Fighter began the quest for the
                  | Orb.
     0 | D        | Reached XP level 1. HP: 19/19 MP: 0/0
     7 | D        | Reached skill level 3 in Polearms
    37 | D        | Noticed a scorpion
    37 | D        | Noticed an ice beast
    37 | D        | Noticed a hound
    39 | D        | Reached skill level 4 in Polearms
    47 | D        | Killed a hound
    48 | D        | Reached skill level 5 in Fighting
    48 | D        | Reached skill level 5 in Polearms
    48 | D        | Reached skill level 5 in Armour
    48 | D        | Reached XP level 2. HP: 26/29 MP: 1/1
    48 | D        | Reached XP level 3. HP: 32/36 MP: 2/2
    52 | D        | Killed an ice beast
    53 | D        | Reached skill level 8 in Polearms
    53 | D        | Reached XP level 4. HP: 42/45 MP: 3/3
    60 | D        | Killed a scorpion
    61 | D        | Reached skill level 9 in Polearms
    61 | D        | Reached XP level 5. HP: 34/52 MP: 4/4
    67 | D        | Found a snail-covered altar of Cheibriados.
    67 | D        | Found a shadowy altar of Dithmenos.
    67 | D        | Found a white marble altar of Elyvilon.
    67 | D        | Found a blossoming altar of Fedhas.
    67 | D        | Found an opulent altar of Gozag.
    68 | D        | Found a hazy altar of Hepliaklqana.
    69 | D        | Found a viscous altar of Jiyva.
    70 | D        | Found an ancient bone altar of Kikubaaqudgha.
    71 | D        | Found a corrupted altar of Lugonu.
    72 | D        | Found a burning altar of Makhleb.
    73 | D        | Found a sparkling altar of Nemelex Xobeh.
    74 | D        | Found an iron altar of Okawaru.
    75 | D        | Found a stormy altar of Qazlal.
    76 | D        | Found a sacrificial altar of Ru.
    77 | D        | Found a shimmering blue altar of Sif Muna.
    78 | D        | Found a bloodstained altar of Trog.
    79 | D        | Found a hide-covered altar of Uskayaw.
    80 | D        | Found a radiant altar of Vehumet.
    81 | D        | Found an ornate altar of the Wu Jian Council.
    82 | D        | Found a shimmering altar of Xom.
    83 | D        | Found a basalt altar of Yredelemnul.
    84 | D        | Found a glowing silver altar of Zin.
    85 | D        | Found a glowing golden altar of the Shining One.
   109 | D        | Noticed a centaur
   109 | D        | Noticed an orc warrior
   109 | D        | Noticed a centaur
   109 | D        | Noticed a yak
   109 | D        | Noticed a wraith
   116 | D        | Killed a wraith
   117 | D        | Reached skill level 11 in Polearms
   117 | D        | Reached XP level 6. HP: 33/62 MP: 5/5
   120 | D        | Killed a yak
   121 | D        | Reached skill level 12 in Polearms
   124 | D        | Reached skill level 13 in Polearms
   124 | D        | Reached XP level 7. HP: 17/71 MP: 6/6
   126 | D        | HP: 1/71 [poisoned by a killer bee]
   126 | D        | Slain by a killer bee

Illustrated notes

Levels and vault maps discovered:
D:        linesprint [early_d, line_temple, items_1, d_10, items_2, lair_1,
          lair_end, items_3, orc_1, orc_end, items_4, d_15, swamp_1, shoals_1,
          snake_1, spider_1, d_20, vaults_1, items_5, swamp_end, shoals_end,
          snake_end, spider_end, vaults_end, d_27, items_6, zot_1, zot_end,
          crypt_end, forest_end, elf_end, slime_end, tomb_end, abyss_end,
          pan_hell_end]

Skill      XL: |  1  2  3  4  5  6 |
---------------+-------------------+-----
Polearms       | 5 8 9 11 13 | 13.0
Fighting       | 5 6 7 8 9 |  9.9
Armour         | 5 6 7 8 9 |  9.9
Shields        | |  3.6

Action                     |  1- 3 |  4- 6 |  7- 9 || total
---------------------------+-------+-------+-------++-------
  Melee: Trident           |    29 |    21 |     3 ||    53
         Headbutt          |     6 |     7 |       ||    13
 Armour: Scale mail        |     6 |     5 |       ||    11
  Dodge: Dodged            |     8 |    10 |     1 ||    19
  Block: Buckler           |    12 |     1 |     2 ||    15
